 Dungeon Crawl Stone Soup version 0.27-a0-920-gb2bd10914a (webtiles) character file.

Game seed: 4434107470844347970

85 spiderkeys the Sneak (level 4, -2/30 HPs)
             Began as an Octopode Brigand on Apr 9, 2021.
             Was a Plaything of Xom.
             Slain by an orc priest
             ... wielding a +0 dagger
              (3 damage)
             ... on level 3 of the Dungeon.
             The game lasted 00:01:46 (1793 turns).

spiderkeys the Sneak (Octopode Brigand)             Turns: 1793, Time: 00:01:47

Health: -2/30      AC:  1    Str: 10    XL:     4   Next: 48%
Magic:  4/4        EV: 13    Int: 13    God:    Xom [...*..]
Gold:   75         SH:  0    Dex: 14    Spells: 3/3 levels left

rFire    . . .     SeeInvis .   a - +2 dagger
rCold    . . .     Faith    .   (no shield)
rNeg     . . .     Spirit   .   (helmet restricted)
rPois    .         Reflect  .   (no amulet)
rElec    .         Harm     .   (no ring)
rCorr    .         Rampage  .   (no ring)
Will     .....                  (no ring)
Stlth    ++++......             (no ring)
HPRegen  0.10/turn              (no ring)
MPRegen  0.09/turn              (no ring)
                                (no ring)
                                (no ring)

@: no status effects
A: almost no armour, amphibious, 8 rings, camouflage 1, gelatinous body 1,
(nimble swimmer 1), tentacles
a: Renounce Religion


You were on level 3 of the Dungeon.
You worshipped Xom.
You were a favourite toy of Xom.
You visited 1 branch of the dungeon, and saw 3 of its levels.

You collected 75 gold pieces.

Inventory:

Hand Weapons
 a - a +2 dagger (weapon)
Missiles
 b - 8 poisoned darts (quivered)
 c - 2 curare-tipped darts
Scrolls
 h - 2 scrolls of teleportation
 l - 2 scrolls of fog
Potions
 d - 2 potions of brilliance
 f - a potion of mutation {unknown}
 i - a potion of might {unknown}
 j - a potion of haste {unknown}
 k - a potion of invisibility {unknown}


   Skills:
 + Level 2.6 Fighting
 + Level 2.6 Short Blades
 - Level 2.0 Throwing
 * Level 2.7 Dodging
 + Level 5.9 Stealth


You had 3 spell levels left.
You didn't know any spells.
Your spell library contained the following spells:

 Spells                   Type           Power      Damage    Failure   Level
 Magic Dart               Conj           0%         1d3       30%         1
 Blink                    Tloc           N/A        N/A       43%         2
 Call Imp                 Summ           0%         N/A       43%         2
 Slow                     Hex            0%         N/A       43%         2
 Conjure Flame            Conj/Fire      0%         6-21      67%         3
 Mephitic Cloud           Conj/Pois/Air  0%         N/A       67%         3


Dungeon Overview and Level Annotations

Branches:
Dungeon (3/15)

Altars:
Xom


Innate Abilities, Weirdness & Mutations

You cannot wear most types of armour.
You are amphibious.
You can wear up to eight rings at the same time.
Your skin changes colour to match your surroundings (Stealth+).
Your rubbery body absorbs attacks. (AC +1, EV +1)
((You are camouflaged near water. (Stealth+)))
You have tentacles for arms and can constrict up to eight enemies at once.


Message History

An orc priest is nearby!
An orc and an orc wizard come into view.
An orc wizard comes into view. It is wielding a +0 dagger.
An orc comes into view. It is wielding a +0 short sword.
The orc shouts!
The orc wizard points at you and mumbles some strange words.
The magic dart hits you!
A giant cockroach comes into view.
The orc shouts!
The orc priest shouts!
You hit the giant cockroach. You grab the giant cockroach.
The giant cockroach is severely wounded.
You constrict the giant cockroach.
You kill the giant cockroach!
You completely miss the orc wizard. Your grab misses the orc wizard.
The orc closely misses you. The orc hits you with a +0 dagger.
The orc wizard closely misses you. The orc closely misses you.
The orc wizard gestures at itself while chanting.
The orc wizard flickers and vanishes!
Deactivating autopickup; reactivate with Ctrl-A.
The orc wizard casts a spell at itself.
The orc wizard flickers and vanishes!
The orc priest closely misses you. The orc hits you with a +0 short sword.
The orc priest calls down the wrath of Beogh upon you.
Beogh smites you!
* * * LOW HITPOINT WARNING * * *
You hit the orc. Your grab misses the orc.
The orc is heavily wounded.
The orc priest hits you with a +0 dagger.
* * * LOW HITPOINT WARNING * * *
You hit the orc but do no damage. You grab the orc. You squeeze the orc.
The orc is almost dead.
You constrict the orc.
You kill the orc!
You closely miss the orc priest. You grab the orc priest.
You constrict the orc priest, but do no damage.
The orc closely misses you.
The orc priest hits you with a +0 dagger.
You die...
Xom chortles!

..#...<..?...#
#............#
...#..........# #
#.....^....#
#..[.......#
##......†?## .
##........##
#...#######..........#
.......@o##..........#
#.#.####o.#..........#
##............#
##......$....#
#.#........##
#..#......##
##......### ######.#
...


You could see an orc priest and an orc.

Vanquished Creatures
  3 adders (D:2)
  An orc (D:3)
  2 bats
  An endoplasm (D:1)
  3 giant cockroaches
  7 hobgoblins
  7 jackals
  4 quokkas (D:1)
  6 ball pythons
  4 goblins
  6 kobolds
  5 rats
49 creatures vanquished.

Vanquished Creatures (others)
  A plant (D:2)
1 creature vanquished.

Grand Total: 50 creatures vanquished

Notes
Turn   | Place    | Note
-------+----------+-------------------------------------------
     0 | D:1      | spiderkeys the Octopode Brigand began the quest for the
                  | Orb.
     0 | D:1      | Reached XP level 1. HP: 14/14 MP: 1/1
   254 | D:1      | Reached XP level 2. HP: 19/19 MP: 2/2
   543 | D:1      | Reached XP level 3. HP: 24/24 MP: 3/3
   958 | D:1      | Found a faded altar of an unknown god.
   967 | D:1      | Became a worshipper of Xom of Chaos
  1366 | D:2      | Reached XP level 4. HP: 30/30 MP: 4/4
  1426 | D:2      | XOM: potion effect (curing)
  1707 | D:2      | XOM: silly message
  1791 | D:3      | HP: 1/30 [orc priest/+0 dagger (6)]
  1793 | D:3      | Slain by an orc priest

Illustrated notes

Levels and vault maps discovered:
D:1:      dpeg_arrival_court, layout_basic, hellmonk_ecumenical_altar_zigzags,
          minmay_domino_4
D:2:      layout_basic, serial_bayou_crossing
D:3:      layout_rooms

Skill      XL: |  1  2  3 |
---------------+----------+-----
Dodging        | 2 |  2.7
Fighting       | |  2.6
Short Blades   | |  2.6
Throwing       | |  2.0
Stealth        | |  5.9

Action                   |  1- 3 |  4- 6 || total
-------------------------+-------+-------++-------
Melee: Dagger            |    65 |    18 ||    83
       Constrict         |    19 |     5 ||    24
       Tentacles         |    12 |     4 ||    16
  Use: Scroll            |       |     5 ||     5
 Stab: Sleeping          |    10 |     5 ||    15
Armor: Skin              |     1 |       ||     1
Dodge: Dodged            |    29 |     8 ||    37

Table legend: (Time is in decaauts)
 A = Elapsed time spent in this place.
 B = Non-inter-level travel time spent in this place.
 C = Inter-level travel time spent in this place.
 D = Time resting spent in this place.
 E = Time spent auto-exploring this place.
 F = Levels seen in this place.
 G = Mean time per level.
                   A        B        C        D        E       F      G
               +--------+--------+--------+--------+--------+-----+--------+
         Total |   1783 |   1762 |     21 |     34 |   1475 |   3 |  594.3 |
       Dungeon |   1783 |   1762 |     21 |     34 |   1475 |   3 |  594.3 |
               +--------+--------+--------+--------+--------+-----+--------+

Top non-repeatable levels by time:
     D:1: 1064 daAuts
     D:2: 698 daAuts
     D:3: 20 daAuts
